 Dungeon Crawl Stone Soup version 0.30-a0-335-ge5acde7520 (webtiles) character file.

Game seed: 12133653620007262573

3636 Lanoc the Skirmisher (level 10, -9/79 HPs)
             Began as a Gnoll Hunter on Oct 30, 2022.
             Mangled by a vampire
             ... wielding a +2 vampiric glaive
              (17 damage)
             ... in a bailey.
             The game lasted 00:14:58 (7397 turns).

Lanoc the Skirmisher (Gnoll Hunter)                 Turns: 7397, Time: 00:14:59

Health: -9/79      AC:  3    Str: 10    XL:     10   Next: 11%
Magic:  17/17      EV: 16    Int:  9    God:
Gold:   52         SH:  0    Dex: 20    Spells: 17/19 levels left

rFire   + . .      SeeInvis .    b - +6 short sword "Roni" {vorpal, Fly rF+ rC+}
rCold   + . .      Faith    .    (no shield)
rNeg    . . .      Spirit   .    c - +0 leather armour
rPois   +          Reflect  .    (no helmet)
rElec   .          Harm     .    (no cloak)
rCorr   .          Rampage  .    (no gloves)
Will    +....                    (no boots)
Stlth   +++.......               (no amulet)
HPRegen 0.33/turn                y - ring of poison resistance
MPRegen 0.15/turn                n - ring of willpower

@: flying, studying Maces & Flails
A: fangs 1, strong nose, distributed training
a: no special abilities


You were in a bailey.
You visited 1 branch of the dungeon, and saw 7 of its levels.
You also visited: Bailey.

You collected 341 gold pieces.
You spent 289 gold pieces at shops.

Inventory:

Hand Weapons
 a - a +0 shortbow
 b - the +6 short sword "Roni" (weapon) {vorpal, Fly rF+ rC+}
   (You found it on level 5 of the Dungeon)

   It inflicts extra damage upon your enemies.
   rF:        It protects you from fire.
   rC:        It protects you from cold.
   Fly:       It grants you flight.
Missiles
 h - a throwing net
 k - 5 atropa-tipped darts
 o - 5 curare-tipped darts
Armour
 c - a +0 leather armour (worn)
Jewellery
 f - a ring of magical power
 n - a ring of willpower (right hand)
 y - a ring of poison resistance (left hand)
Scrolls
 e - 5 scrolls of teleportation
 i - a scroll of fog
 j - a scroll of fear
 m - a scroll of vulnerability {unknown}
 s - 2 scrolls of acquirement {unknown}
 u - 2 scrolls of immolation
 v - a scroll of blinking {unknown}
 w - 2 scrolls of enchant armour {unknown}
 B - a scroll of amnesia {unknown}
Potions
 g - a potion of heal wounds
 p - 4 potions of degeneration
 t - 3 potions of lignification
 x - 4 potions of curing
 z - a potion of attraction
 A - a potion of brilliance
Miscellaneous
 d - a box of beasts (inert)


   Skills:
 + Level 7.0 Fighting
 + Level 5.1 Short Blades
 + Level 5.1 Long Blades
 + Level 5.1 Axes
 + Level 6.4 Maces & Flails
 + Level 5.1 Polearms
 + Level 5.1 Staves
 + Level 10.0 Ranged Weapons
 + Level 5.1 Throwing
 + Level 5.1 Armour
 + Level 7.0 Dodging
 + Level 5.7 Stealth
 + Level 5.1 Shields
 + Level 5.1 Unarmed Combat
 + Level 5.1 Spellcasting
 + Level 4.2 Conjurations
 + Level 4.2 Hexes
 + Level 4.2 Summonings
 + Level 4.2 Necromancy
 + Level 4.2 Translocations
 + Level 4.2 Transmutations
 + Level 4.2 Fire Magic
 + Level 4.2 Ice Magic
 + Level 4.2 Air Magic
 + Level 4.2 Earth Magic
 + Level 4.2 Poison Magic
 + Level 5.6 Invocations
 + Level 5.1 Evocations


You had 17 spell levels left.
You knew the following spells:

 Your Spells              Type           Power      Damage    Failure   Level
a - Blink                 Tloc           20%        N/A       9%          2

Your spell library contained the following spells:

 Spells                   Type           Power      Damage    Failure   Level
 Beastly Appendage        Tmut           20%        N/A       5%          1
 Sandblast                Erth           20%        2d7       5%          1
 Momentum Strike          Conj/Tloc      20%        3d8       9%          2
 Passwall                 Tmut/Erth      8%         N/A       9%          2
 Sublimation of Blood     Necr           10%        N/A       9%          2
 Wereblood                Tmut           10%        N/A       9%          2
 Lesser Beckoning         Tloc           20%        N/A       17%         3
 Spider Form              Tmut/Pois      10%        N/A       17%         3
 Stone Arrow              Conj/Erth      20%        3d8       17%         3
 Summon Hydra             Summ           5%         N/A       100%        7


Dungeon Overview and Level Annotations

Branches:
Dungeon (7/15)             Temple (0/1) D:7          Bailey (1/1)

Altars:
Ashenzari
Dithmenos
Elyvilon
Makhleb
Trog
Uskayaw
Vehumet
Yredelemnul

Shops:
D:3 =!(=(   D:5 =   D:6 *


Innate Abilities, Weirdness & Mutations

You have very sharp teeth.
Your uncanny sense of smell can sniff out nearby items.
Your experience applies equally to all skills.


Message History

Gang up on whom?
Press: ? - help, Dir - move target, f - vampire
Aim: a vampire, wielding a +2 vampiric glaive and wearing a +0 chain mail (dormant) Attack!
Fire: a) +0 shortbow
Press: ? - help, Q - select action, (/) - cycle Shift-Dir - straight line, f/p - vampire
Aim: a vampire, wielding a +2 vampiric glaive and wearing a +0 chain mail (dormant, ally target, 98% to hit)
You shoot an arrow. The arrow hits the vampire!
The vampire is moderately damaged.
You fly up into the air.
b - the +6 short sword "Roni" (weapon)
{vorpal, Fly rF+ rC+}
Found a runed robe and a runed scale mail.
Your larval oxfire beast breathes flames at the vampire.
The blast of flame hits the vampire!
The vampire hits your larval oxfire beast but does no damage.
Found a potion of brilliance.
The vampire hits your larval oxfire beast with a +2 vampiric glaive.
The vampire bites your larval oxfire beast.
Your larval oxfire beast breathes flames at the vampire.
The blast of flame hits the vampire.
You barely miss the vampire.
The vampire is severely damaged.
The vampire closely misses you. The vampire bites you.
The vampire draws strength from your injuries!
You closely miss the vampire.
The vampire is heavily damaged.
Your larval oxfire beast misses the vampire.
Your larval oxfire beast completely misses the vampire.
The vampire closely misses you. The vampire bites you!
The vampire draws strength from your injuries!
The vampire attacks as you move away!
The vampire hits you with a +2 vampiric glaive!
* * * LOW HITPOINT WARNING * * *
The vampire bites you!
* * * LOW HITPOINT WARNING * * *
The vampire draws strength from your injuries!
Your larval oxfire beast hits the vampire.
Your larval oxfire beast tramples the vampire but does no damage.
The vampire hits you from afar with a +2 vampiric glaive!
You die...

♣.......##....######
.....♣...#...##...8#
.........#..##.....∆##
..♣..♣...#..#...# !8#
....♣....#..'..# .[#
##.......#..'..## #.[#
.#####..8#..#...##.".#
.')..#####8.##...HV[#
##÷.÷# ######.@.8##
#÷..# ###### #####


You could see a vampire (ally target) and a friendly larval oxfire beast
(summoned).

Vanquished Creatures
  A shadow (D:5)
  3 steam dragons
  A black bear (D:5)
  4 ice beasts
  2 ogres (D:5)
  2 necrophages (D:6)
  6 scorpions
  A wyvern zombie (D:6)
  3 water moccasin zombies (D:6)
  3 wights (D:7)
  A killer bee (D:5)
  An electric eel (D:5)
  6 vampire bats (Bailey)
  5 wolf zombies (Bailey)
  3 bullfrog zombies (D:6)
  3 hounds
  A centaur zombie (D:6)
  A jelly (D:4)
  A human zombie (D:6)
  3 orc priests
  2 iguanas
  A gnoll bouda (D:7)
  2 orc wizards
  A killer bee zombie (D:6)
  A howler monkey zombie (D:6)
  7 gnolls
  6 adders
  2 white imps
  4 worms
  A dart slug (D:5)
  11 orcs
  5 bats
  7 endoplasms
  2 giant cockroaches (D:1)
  11 goblins
  8 hobgoblins
  2 jackals (D:1)
  2 quokkas
  4 ball pythons
  5 frilled lizards
  9 kobolds
  15 orc zombies (Bailey)
  11 rats
170 creatures vanquished.

Vanquished Creatures (collateral kills)
  A gargoyle (Bailey)
1 creature vanquished.

Vanquished Creatures (others)
  2 plants (D:5)
2 creatures vanquished.

Grand Total: 173 creatures vanquished

Notes
Turn   | Place    | Note
-------+----------+-------------------------------------------
     0 | D:1      | Lanoc the Gnoll Hunter began the quest for the Orb.
     0 | D:1      | Reached XP level 1. HP: 20/20 MP: 1/1
    76 | D:1      | Reached XP level 2. HP: 26/26 MP: 2/2
   327 | D:1      | Reached XP level 3. HP: 31/31 MP: 3/3
   559 | D:1      | Found a faded altar of an unknown god.
   627 | D:2      | Reached skill level 1 in Invocations
   721 | D:2      | Reached skill level 1 in Short Blades
   721 | D:2      | Reached skill level 1 in Long Blades
   721 | D:2      | Reached skill level 1 in Axes
   721 | D:2      | Reached skill level 1 in Maces & Flails
   721 | D:2      | Reached skill level 1 in Polearms
   721 | D:2      | Reached skill level 1 in Staves
   721 | D:2      | Reached skill level 1 in Throwing
   721 | D:2      | Reached skill level 1 in Armour
   721 | D:2      | Reached skill level 1 in Shields
   721 | D:2      | Reached skill level 1 in Unarmed Combat
   721 | D:2      | Reached skill level 1 in Spellcasting
   721 | D:2      | Reached skill level 1 in Evocations
   756 | D:2      | Reached XP level 4. HP: 38/38 MP: 5/5
   930 | D:2      | Reached skill level 1 in Conjurations
   930 | D:2      | Reached skill level 1 in Hexes
   930 | D:2      | Reached skill level 1 in Summonings
   930 | D:2      | Reached skill level 1 in Necromancy
   930 | D:2      | Reached skill level 1 in Translocations
   930 | D:2      | Reached skill level 1 in Transmutations
   930 | D:2      | Reached skill level 1 in Fire Magic
   930 | D:2      | Reached skill level 1 in Ice Magic
   930 | D:2      | Reached skill level 1 in Air Magic
   930 | D:2      | Reached skill level 1 in Earth Magic
   930 | D:2      | Reached skill level 1 in Poison Magic
  1144 | D:3      | Found Asemm's Weapon Shop.
  1176 | D:3      | Noticed a scorpion
  1188 | D:3      | Killed a scorpion
  1189 | D:3      | Reached XP level 5. HP: 18/43 MP: 7/7
  1316 | D:3      | Found a hide-covered altar of Uskayaw.
  1336 | D:3      | Found Reozimoh's Jewellery Boutique.
  1381 | D:3      | Found Liteic's Weapon Shop.
  1389 | D:3      | Bought 5 curare-tipped darts for 30 gold pieces
  1450 | D:3      | Found a bloodstained altar of Trog.
  1605 | D:3      | Found a white marble altar of Elyvilon.
  1659 | D:3      | Found Ylaerauc's Distillery.
  1664 | D:3      | Bought a potion of heal wounds for 55 gold pieces
  1664 | D:3      | Bought a potion of invisibility for 88 gold pieces
  1980 | D:3      | Found Openn's Jewellery Shop.
  2080 | D:4      | Found a shadowy altar of Dithmenos.
  2167 | D:4      | Learned a level 2 spell: Blink
  2469 | D:5      | Entered Level 5 of the Dungeon
  2478 | D:5      | Reached skill level 5 in Fighting
  2478 | D:5      | Reached skill level 5 in Dodging
  2478 | D:5      | Reached XP level 6. HP: 51/51 MP: 9/9
  2510 | D:5      | Noticed a black bear
  2518 | D:5      | Killed a black bear
  2518 | D:5      | Noticed a shadow
  2529 | D:5      | Killed a shadow
  2530 | D:5      | Reached XP level 7. HP: 37/56 MP: 10/10
  2860 | D:5      | Reached skill level 9 in Ranged Weapons
  3074 | D:5      | Reached XP level 8. HP: 52/63 MP: 12/12
  3361 | D:5      | Identified the +6 short sword "Roni" {vorpal, Fly rF+ rC+}
  3728 | D:5      | Found Meraipy's Jewellery Emporium.
  3921 | D:5      | Found a broken altar of Ashenzari.
  3925 | D:5      | Saw a vision of the Shoals and the Spider Nest.
  3925 | D:5      | Noticed a wolf spider
  3925 | D:5      | Noticed a culicivora
  3925 | D:5      | Noticed a tarantella
  3925 | D:5      | Noticed a jumping spider
  3925 | D:5      | Noticed a wolf spider
  3925 | D:5      | Noticed a tarantella
  3925 | D:5      | Noticed a jumping spider
  3925 | D:5      | Noticed a jumping spider
  3925 | D:5      | Noticed a torpor snail
  3925 | D:5      | Noticed a demonic crawler
  3925 | D:5      | Noticed a snapping turtle
  3925 | D:5      | Noticed a wind drake
  3925 | D:5      | Noticed a merfolk
  3925 | D:5      | Noticed a water nymph
  3925 | D:5      | Noticed a snapping turtle
  3925 | D:5      | Noticed a manticore
  3925 | D:5      | Noticed a harpy
  3926 | D:5      | Noticed a snapping turtle
  3927 | D:5      | Noticed a culicivora
  3929 | D:5      | Noticed a jumping spider
  3929 | D:5      | Noticed a tarantella
  4998 | D:6      | Found Gipteac's Assorted Antiques.
  5009 | D:6      | Bought a scroll labelled XAPSEC BUIHAG for 32 gold pieces
  5009 | D:6      | Bought an orange potion for 28 gold pieces
  5009 | D:6      | Bought a ruby potion for 28 gold pieces
  5009 | D:6      | Bought a lumpy ruby potion for 28 gold pieces
  5237 | D:6      | Reached XP level 9. HP: 69/69 MP: 14/14
  5774 | D:6      | Found a basalt altar of Yredelemnul.
  5777 | D:6      | Reached skill level 5 in Maces & Flails
  5777 | D:6      | Reached skill level 5 in Stealth
  5994 | D:6      | Found a radiant altar of Vehumet.
  6149 | D:7      | Reached skill level 5 in Invocations
  6536 | D:7      | Found a flagged portal.
  6552 | D:7      | Found a burning altar of Makhleb.
  6578 | Bailey   | Entered a bailey
  7086 | Bailey   | Reached skill level 5 in Short Blades
  7086 | Bailey   | Reached skill level 5 in Long Blades
  7086 | Bailey   | Reached skill level 5 in Axes
  7086 | Bailey   | Reached skill level 5 in Polearms
  7086 | Bailey   | Reached skill level 5 in Staves
  7086 | Bailey   | Reached skill level 5 in Throwing
  7086 | Bailey   | Reached skill level 5 in Armour
  7086 | Bailey   | Reached skill level 5 in Shields
  7086 | Bailey   | Reached skill level 5 in Unarmed Combat
  7086 | Bailey   | Reached skill level 5 in Spellcasting
  7086 | Bailey   | Reached skill level 5 in Evocations
  7086 | Bailey   | Reached XP level 10. HP: 73/77 MP: 17/17
  7365 | Bailey   | Noticed a gargoyle
  7375 | Bailey   | Killed a gargoyle
  7376 | Bailey   | Reached skill level 10 in Ranged Weapons
  7397 | Bailey   | Mangled by a vampire

Illustrated notes

Levels and vault maps discovered:
D:1:      psy_arrival_fountain, layout_rooms,
          dilly_ecumenical_altar_fadedgnrine, hangedman_decor_lopped
D:2:      layout_rooms, hangedman_decor_clover_reticule, minmay_rat_gold_closets
D:3:      layout_loops_corners, elyvilon_altar_1, trog_three_pillars_becter,
          nicolae_uskayaw_murder_on_the_dancefloor, serial_shops,
          nicolae_shop_hallway_stairs, nicolae_shop_trees,
          nicolae_shop_advertising_works [nicolae_subvault_shop_adworks],
          nicolae_shop_bloodbath_and_beyond, nicolae_shop_window_shopping,
          eino_curves_02
D:4:      layout_basic, kennysheep_little_box
D:5:      cheibrodos_two_vegetables, layout_cave_pools,
          grunt_ashenzari_visionary [grunt_ashenzari_visionary_shoals,
          grunt_ashenzari_visionary_spider], serial_shops, shop,
          minmay_manual_monstrance
D:6:      layout_cave_pools, mainiacjoe_overflow_alcove_4,
          lemuel_mausoleum_altar_yredelemnul, serial_shops,
          nicolae_shop_overgrown_old_shop
D:7:      layout_loops_cross, mainiacjoe_overflow_chevrons,
          minmay_temple_entry_glassed_door, enter_bailey_3, nrook_campfire
Bailey:   bailey_polearm_vampire_castle_hellmonk, bailey

Skill      XL: |  1  2  3  4  5  6  7  8  9 10 |
---------------+-------------------------------+-----
Invocations    | 1 2 3 4 5 |  5.6
Short Blades   | 1 2 3 5 |  5.1
Long Blades    | 1 2 3 5 |  5.1
Axes           | 1 2 3 5 |  5.1
Maces & Flails | 1 2 3 4 6 |  6.4
Polearms       | 1 2 3 5 |  5.1
Staves         | 1 2 3 5 |  5.1
Throwing       | 1 2 3 5 |  5.1
Armour         | 1 2 3 5 |  5.1
Shields        | 1 2 3 5 |  5.1
Unarmed Combat | 1 2 3 5 |  5.1
Spellcasting   | 1 2 3 5 |  5.1
Evocations     | 1 2 3 5 |  5.1
Conjurations   | 1 2 3 4 |  4.2
Hexes          | 1 2 3 4 |  4.2
Summonings     | 1 2 3 4 |  4.2
Necromancy     | 1 2 3 4 |  4.2
Translocations | 1 2 3 4 |  4.2
Transmutations | 1 2 3 4 |  4.2
Fire Magic     | 1 2 3 4 |  4.2
Ice Magic      | 1 2 3 4 |  4.2
Air Magic      | 1 2 3 4 |  4.2
Earth Magic    | 1 2 3 4 |  4.2
Poison Magic   | 1 2 3 4 |  4.2
Stealth        | 3 4 5 |  5.7
Fighting       | 5 6 7 |  7.0
Dodging        | 5 6 7 |  7.0
Ranged Weapons | 9 10 | 10.0

Action                   |  1- 3 |  4- 6 |  7- 9 | 10-12 || total
-------------------------+-------+-------+-------+-------++-------
Melee: Short sword       |       |       |   223 |    11 ||   234
       Bite              |       |       |    31 |     2 ||    33
       Punch             |       |       |     8 |       ||     8
 Fire: Shortbow          |   101 |   144 |   257 |    30 ||   532
 Cast: Blink             |       |       |     1 |       ||     1
Evoke: Box of beasts     |       |       |       |     1 ||     1
  Use: Potion            |       |       |     6 |       ||     6
       Scroll            |       |       |    11 |       ||    11
 Stab: Sleeping          |       |       |     5 |       ||     5
       Invisible         |       |       |     3 |       ||     3
Armor: Leather armour    |    11 |    11 |    45 |       ||    67
Dodge: Dodged            |    28 |    25 |   285 |    18 ||   356

Table legend: (Time is in decaauts)
 A = Elapsed time spent in this place.
 B = Non-inter-level travel time spent in this place.
 C = Inter-level travel time spent in this place.
 D = Time resting spent in this place.
 E = Time spent auto-exploring this place.
 F = Levels seen in this place.
 G = Mean time per level.
                   A        B        C        D        E       F      G
               +--------+--------+--------+--------+--------+-----+--------+
         Total |   7390 |   7165 |    225 |   1038 |   4900 |   8 |  923.8 |
       Dungeon |   6591 |   6366 |    225 |   1038 |   4284 |   7 |  941.6 |
        Bailey |    798 |    798 |      0 |      0 |    616 |   1 |  798.0 |
               +--------+--------+--------+--------+--------+-----+--------+

Top non-repeatable levels by time:
     D:5: 2022 daAuts
     D:6: 1166 daAuts
     D:3: 953 daAuts
     D:4: 870 daAuts
  Bailey: 798 daAuts
     D:1: 622 daAuts
     D:2: 499 daAuts
     D:7: 456 daAuts
